 Dungeon Crawl Stone Soup version 0.23.1 (webtiles) character file.

Game seed: 8860706876878159599

102 Borgoz the Sneak (level 4, -1/33 HPs)
             Began as a Ghoul Enchanter on Mar 14, 2019.
             Killed from afar by an orc wizard (6 damage)
             ... with a puff of flame
             ... on level 3 of the Dungeon.
             The game lasted 00:06:35 (4161 turns).

Borgoz the Sneak (Ghoul Enchanter)                  Turns: 4161, Time: 00:06:35

Health: -1/33      AC:  6    Str: 10 (11) XL:     4   Next: 78%
Magic:  5/5        EV: 10    Int: 10      God:
Gold:   118        SH:  0    Dex:  7 (10) Spells: 0/6 levels left

rFire    . . .     SeeInvis +   i - +0 short sword
rCold    + + .     Gourm    .   (no shield)
rNeg     + + +     Faith    .   h - +0 ring mail
rPois    ∞         Spirit   .   (no helmet)
rElec    .         Reflect  .   (no cloak)
rCorr    .         Harm     .   (no gloves)
MR       .....                  j - +0 pair of boots
Stlth    +.........             (no amulet)
HPRegen  0.00/turn              l - ring of protection from cold
MPRegen  0.09/turn              f - ring of see invisible

@: rotting
A: rotting body, claws 1, carnivore, cold resistance 1, negative energy
resistance 3, inhibited regeneration, torment resistance, unbreathing
a: no special abilities


You were on level 3 of the Dungeon.
You were not hungry.

You visited 1 branch of the dungeon, and saw 3 of its levels.

You collected 118 gold pieces.

Inventory:

Hand Weapons
 i - a +0 short sword (weapon)
Missiles
 e - 30 poisoned needles
 g - 6 needles of sleeping
Armour
 h - a +0 ring mail (worn)
 j - a +0 pair of boots (worn)
Jewellery
 f - a ring of see invisible (right claw)
 l - a ring of protection from cold (left claw)
Scrolls
 b - a scroll of identify
 c - a scroll of noise {unknown}
Potions
 m - a potion of lignification
Comestibles
 a - 2 chunks of flesh
 d - 4 rations


   Skills:
 * Level 2.5 Short Blades
 * Level 2.2 Armour
 + Level 2.4 Dodging
 - Level 3.2 Stealth
 - Level 1.7 Spellcasting
 - Level 2.4 Hexes


You couldn't memorise any spells.
You knew the following spells:

 Your Spells              Type           Power        Failure   Level  Hunger
a - Corona                Hex            #......      30%         1    ##.....
b - Ensorcelled Hibernat  Hex/Ice        #.....       58%         2    ###....
c - Confuse               Hex            #.......     65%         3    ####...

Your spell library contained the following spells:

 Spells                   Type           Power        Failure   Level  Hunger
 Tukima's Dance           Hex            #.......     65%         3    ####...
 Dazzling Spray           Conj/Hex       #.....       83%         3    ####...


Dungeon Overview and Level Annotations

Branches:
Dungeon (3/15)

Altars:

Annotations:
D:2 Crazy Yiuf
D:3 Robin


Innate Abilities, Weirdness & Mutations

Your body is rotting away.
You thrive on raw meat.
You are immune to poison.
You have sharp fingernails.
You are carnivorous and can eat meat at any time.
Your flesh is cold resistant. (rC+)
You are immune to negative energy. (rN+++)
You do not regenerate when monsters are visible.
You are immune to unholy pain and torment.
You can survive without breathing.


Message History

The orc wizard gestures at you while chanting.
The puff of flame hits you!
You barely miss the orc wizard.
The orc wizard is severely wounded.
The orc wizard barely misses you.
Unknown command.
The orc wizard casts a spell at you. The magic dart hits you!
Robin throws the goblin at you!
The orc wizard points at you and mumbles some strange words.
The magic dart hits you.
* * * LOW HITPOINT WARNING * * *
The goblin hits you but does no damage.
You hit the goblin.
The goblin is moderately wounded.
The goblin hits you.
* * * LOW HITPOINT WARNING * * *
The orc wizard gestures at you while chanting.
The puff of flame hits you.
You die...

#.# #.og...g# #.# #?..o...#
.#[# #......g### ... #.......
#.# ######(... ######.###
#.....o##. #........#
##.###..##. #.##.#.#.#
#..........
#########.##.#@#.####gs>....#.#
#............#(..ogg(og........
#.#####...##.#g#.####o.....####
###.####........<#.# #.....##
#..................# ####.##
#.#.####..####).#### #...#
#.#.####..####..## #...#
..#.......##.....# #...#
###.....#.##.#.[.# #...#


You could see Robin, an orc wizard (invisible), 2 orcs, a hobgoblin and a
goblin.

Vanquished Creatures
  2 adders
  3 worms (D:2)
  2 dart slugs
  A leopard gecko (D:2)
  An orc (D:3)
  9 bats
  3 giant cockroaches
  10 hobgoblins
  8 jackals
  2 quokkas (D:2)
  3 frilled lizards (D:1)
  8 goblins
  8 kobolds
  3 rats
63 creatures vanquished.

Notes
Turn   | Place    | Note
-------+----------+-------------------------------------------
     0 | D:1      | Borgoz the Ghoul Enchanter began the quest for the Orb.
     0 | D:1      | Reached XP level 1. HP: 14/14 MP: 2/2
    24 | D:1      | Reached skill level 1 in Short Blades
   753 | D:1      | Reached XP level 2. HP: 14/20 MP: 3/3
   870 | D:1      | Reached skill level 1 in Armour
  1624 | D:1      | Reached XP level 3. HP: 16/26 MP: 4/4
  1838 | D:1      | Learned a level 2 spell: Ensorcelled Hibernation
  1998 | D:2      | Found a runed translucent door.
  1999 | D:2      | Noticed Crazy Yiuf
  2311 | D:2      | Reached XP level 4. HP: 17/33 MP: 5/5
  2498 | D:2      | Learned a level 3 spell: Confuse
  4121 | D:3      | Identified the +0 helmet of Negligence {rElec rN+ Str-3}
  4121 | D:3      | Noticed Robin
  4161 | D:3      | Killed from afar by an orc wizard

Skill      XL: |  1  2  3  4 |
---------------+-------------+-----
Short Blades   | 1 2 |  2.5
Dodging        | 2 |  2.4
Armour         | 1 2 |  2.2
Stealth        | |  3.2
Spellcasting   | |  1.7
Hexes          | |  2.4

Action                   |  1- 3 |  4- 6 || total
-------------------------+-------+-------++-------
Melee: Dagger            |    83 |       ||    83
       Short sword       |    81 |   178 ||   259
 Cast: Corona            |     1 |       ||     1
       Ensorcelled Hiber |     1 |     2 ||     3
  Use: Scroll            |     3 |     3 ||     6
       Potion            |       |     5 ||     5
 Stab: Sleeping          |     5 |     1 ||     6
       Invisible         |       |     1 ||     1
  Eat: Chunk             |     5 |    18 ||    23
Armor: Robe              |     8 |       ||     8
       Ring mail         |    48 |    72 ||   120
Dodge: Dodged            |    91 |   117 ||   208
